 Dungeon Crawl Stone Soup version 0.20.0-10-g0535bb4 (webtiles) character file.

452 Hasart the Slasher (level 7, -5/56 HPs)
             Began as a Barachi Fighter on June 4, 2017.
             Was an Initiate of Cheibriados.
             Slain by an ogre
             ... wielding a +0 giant club
              (13 damage)
             ... on level 4 of the Dungeon.
             The game lasted 00:06:33 (3596 turns).

Hasart the Slasher (Barachi Fighter)                Turns: 3596, Time: 00:06:34

Health: -5/56      AC:  7    Str: 19    XL:     7   Next: 5%
Magic:  7/7        EV: 12    Int: 11    God:    Cheibriados [......]
Gold:   227        SH: 14    Dex: 12    Spells: 6/6 levels left

rFire    . . .     SeeInvis .   a - +1 long sword
rCold    . . .     Gourm    .   i - +0 large shield
rNeg     . . .     Faith    .   b - +0 scale mail
rPois    .         Spirit   .   (no helmet)
rElec    .         Reflect  .   (no cloak)
rCorr    .         Harm     .   (no gloves)
MR       .....     Rnd*Tele +   (no boots)
Stlth    ..........             (no amulet)
Regen    0.2/turn               m - +6 ring of evasion
MPRegen  0.1/turn               s - ring of teleportation (curse)

@: lethally poisoned (-5 -> -7), can't hop, very slightly contaminated, very
slow
A: +LOS, swims, slowness 1, strong legs 1
a: Hop, Bend Time, Renounce Religion


You were on level 4 of the Dungeon.
You worshipped Cheibriados.
Cheibriados was noncommittal.
You were not hungry.

You visited 2 branches of the dungeon, and saw 5 of its levels.

You collected 227 gold pieces.

Inventory:

Hand Weapons
 a - a +1 long sword (weapon)
Armour
 b - a +0 scale mail (worn)
 i - a +0 large shield (worn)
Jewellery
 c - a +4 ring of dexterity {unknown}
 h - a +2 ring of protection {unknown}
 k - a +4 ring of dexterity {unknown}
 m - a +6 ring of evasion (left hand)
 s - a cursed ring of teleportation (right hand)
Scrolls
 l - a scroll of amnesia
Potions
 d - 2 potions of might
 e - a potion of magic
Comestibles
 f - 3 bread rations
 g - 3 fruits
 j - 4 chunks of flesh
 n - a meat ration
 o - 2 royal jellies


   Skills:
 + Level 5.2 Fighting
 * Level 5.5 Long Blades
 + Level 5.2 Armour
 + Level 2.7 Dodging
 + Level 4.1 Shields


You had 6 spell levels left.
You didn't know any spells.

Dungeon Overview and Level Annotations

Branches:
Dungeon (4/15)             Temple (1/1) D:4

Altars:
Cheibriados
Kikubaaqudgha
Okawaru
Uskayaw
Yredelemnul
Zin


Innate Abilities, Weirdness & Mutations

Shadows flee at your approach. (+LOS)
You can swim through water.
You cover ground slowly.
You can hop short distances.


Message History

An ogre comes into view. It is wielding a giant club.
The ogre shouts!
Okay, then.
Hop to where?
Press: ? - help, Dir - move target cursor Boing!
The worker ant bites you.
* * * LOW HITPOINT WARNING * * *
You are poisoned.
The worker ant poisons you!
Found a royal jelly.
You hit the ogre.
The ogre is lightly wounded.
You feel sick.
The worker ant bites you but does no damage.
You block the ogre's attack.
You hit the ogre.
The ogre is moderately wounded.
You feel sick. You block the worker ant's attack.
The ogre hits you with a giant club!
You die...

*,* *,,,,,,,, *,* *,******* *,*
*,******* *,* *,**,,,,, *,*
*,**,,>,, *,*****#############
*,*,,,,,, *,,,,,,..........ยง.#
*,*,,,,,, *******#...........#
*,*,,,,,, ***** #.......@O..#
*,*,,,,,, ,,,,* #......a....#
*,*,,,,,, ***,** #%..........#
*,*,,,***
*,,,,***####+########****,*,,,*
,,,,,,,,,,,,,,,,,<,,,,,,,>*,,,*
,,,,,,******,*,*****,******,,,*
,,,,*+** *,*,* *,* *,,,*
.......# *,*,* *,* *,,,*
.......## *,*,* ###.#######***


You could see an ogre and a worker ant.

Vanquished Creatures
  An ogre (D:4)
  The ghost of Rekenzichi the Poker, a weakling DrGl (D:3)
  A hound (D:4)
  An orc wizard (D:3)
  A centaur skeleton (D:4)
  Terence (D:2)
  A worker ant (D:4)
  A hound zombie (D:4)
  2 hound skeletons (D:4)
  4 adders (D:3)
  3 dart slugs (D:1)
  4 worms (D:2)
  5 leopard geckos
  6 orcs
  3 giant cockroaches
  17 goblins
  6 hobgoblins
  12 kobolds
  2 quokkas
  2 ball pythons (D:1)
  10 bats
  6 frilled lizards
  A leopard gecko skeleton (D:4)
  7 rats
98 creatures vanquished.

Notes
Turn   | Place    | Note
-------+----------+-------------------------------------------
     0 | D:1      | Hasart the Barachi Fighter began the quest for the Orb.
     0 | D:1      | Reached XP level 1. HP: 18/18 MP: 1/1
    54 | D:1      | Reached XP level 2. HP: 19/25 MP: 2/2
   243 | D:1      | Reached XP level 3. HP: 13/30 MP: 3/3
   265 | D:1      | Reached skill level 1 in Dodging
  1264 | D:2      | Noticed Terence
  1273 | D:2      | Killed Terence
  1273 | D:2      | Reached XP level 4. HP: 20/37 MP: 0/4
  1659 | D:2      | Found a basalt altar of Yredelemnul.
  2012 | D:2      | Found a glowing silver altar of Zin.
  2012 | D:2      | Found a hide-covered altar of Uskayaw.
  2445 | D:3      | Reached XP level 5. HP: 34/42 MP: 5/5
  2582 | D:3      | Noticed Rekenzichi's ghost (weakling DrGl)
  2597 | D:3      | Killed Rekenzichi's ghost
  2750 | D:3      | Reached XP level 6. HP: 37/49 MP: 6/6
  2993 | D:3      | Found an iron altar of Okawaru.
  3191 | D:4      | Reached skill level 5 in Fighting
  3196 | D:4      | Reached skill level 5 in Long Blades
  3218 | D:4      | Reached skill level 5 in Armour
  3469 | D:4      | Found a staircase to the Ecumenical Temple.
  3479 | Temple   | Entered the Ecumenical Temple
  3506 | Temple   | Became a worshipper of Cheibriados the Contemplative
  3585 | D:4      | Reached XP level 7. HP: 9/56 MP: 7/7
  3596 | D:4      | Slain by an ogre

Skill      XL: |  1  2  3  4  5  6 |
---------------+-------------------+-----
Long Blades    | 3 4 5 |  5.5
Dodging        | 1 2 |  2.7
Fighting       | 4 5 |  5.2
Armour         | 4 5 |  5.2
Shields        | 4 |  4.1

Action                   |  1- 3 |  4- 6 |  7- 9 || total
-------------------------+-------+-------+-------++-------
Melee: Long sword        |   132 |   212 |     2 ||   346
 Abil: Hop               |       |     1 |     1 ||     2
  Use: Scroll            |       |     7 |       ||     7
       Potion            |       |     2 |       ||     2
  Eat: Chunk             |     2 |     8 |     1 ||    11
Armor: Scale mail        |    70 |    50 |     1 ||   121
Dodge: Dodged            |    37 |    83 |       ||   120
Block: Shield            |    36 |       |       ||    36
       Large shield      |    35 |   172 |     2 ||   209
       Rpst.: Long sword |    12 |    28 |       ||    40
